 Dungeon Crawl Stone Soup version 0.29-a0-284-gf9362112df (webtiles) character file.

Game seed: 5635650880803964418

3 rabbitsville the Magician (level 1, 0/15 HPs)
             Began as a Djinni Earth Elementalist on Mar 28, 2022.
             Slain by a bat (1 damage)
             ... on level 1 of the Dungeon.
             The game lasted 00:00:59 (144 turns).

rabbitsville the Magician (DjEE)                     Turns: 144, Time: 00:01:00

Health: 0/15       AC:  2    Str:  7    XL:     1   Next: 55%
Gold:   3          EV: 12    Int: 16    God:
                   SH:  0    Dex: 13

rFire   + + .      SeeInvis .   (no weapon)
rCold   x . .      Faith    .   (no shield)
rNeg    . . .      Spirit   .   b - +0 robe
rPois   ∞          Reflect  .   (no helmet)
rElec   .          Harm     .   (no cloak)
rCorr   .          Rampage  .   (no gloves)
Will    .....                   (boots unavailable)
Stlth   ++........              (no amulet)
HPRegen 0.05/turn               (no ring)
MPRegen 0.00/turn               (no ring)

@: flying
A: sickness immunity, fire resistance 2, cold vulnerability 1, float, innate
caster, HP casting, extra vitality 1
a: no special abilities


You were on level 1 of the Dungeon.
You visited 1 branch of the dungeon, and saw 1 of its levels.

You collected 3 gold pieces.

Inventory:

Missiles
 a - 27 stones
Armour
 b - a +0 robe (worn)
Scrolls
 c - a scroll of amnesia {unknown}


   Skills:
 - Level 2.1 Dodging
 - Level 1.5 Stealth
 * Level 2.6 Spellcasting


You couldn't memorise any spells.
You knew the following spells:

 Your Spells              Type           Power      Damage    Failure   Level
a - Sandblast             Erth           20%        2d7       7%          1
b - Passwall              Tmut/Erth      8%         N/A       10%         2
c - Stone Arrow           Conj/Erth      20%        3d8       21%         3
d - Petrify               Tmut/Erth      10%        N/A       54%         4
Your spell library was empty.

Dungeon Overview and Level Annotations

Branches:
Dungeon (1/15)

Altars:


Innate Abilities, Weirdness & Mutations

You are immune to sickness and miasma.
You are immune to poison.
Your flesh is very heat resistant. (rF++)
You are vulnerable to cold. (rC-)
You float through the air rather than walking.
You learn spells naturally, not from books.
Your magical power is your life essence.
You have superior vitality. (+4 MHP)


Message History

You hit the hobgoblin.
The hobgoblin is lightly wounded.
The hobgoblin closely misses you.
You closely miss the hobgoblin.
The hobgoblin is lightly wounded.
The hobgoblin closely misses you.
You barely miss the hobgoblin.
The hobgoblin is lightly wounded.
The hobgoblin hits you.
You closely miss the hobgoblin.
The hobgoblin is lightly wounded.
The hobgoblin hits you.
* * * LOW HITPOINT WARNING * * *
Aiming: Sandblast (safe; 7% risk of failure)
Press: ? - help, Q - select action, (/) - cycle Shift-Dir - straight line, f - hobgoblin
Aim: a hobgoblin (79% to hit)
The blast of sand hits the hobgoblin!
You kill the hobgoblin!
* * * LOW HITPOINT WARNING * * *
The bat barely misses you.
Aiming: Sandblast (safe; 7% risk of failure)
Press: ? - help, Q - select action, (/) - cycle Shift-Dir - straight line, f - bat
Aim: a bat (69% to hit)
You miscast Sandblast.
You are very lightly contaminated with residual magic.
Nothing appears to happen.
* * * LOW HITPOINT WARNING * * *
The bat hits you but does no damage. x3
You don't have enough health to cast this spell.
You don't have enough health to cast this spell.
The bat hits you but does no damage. The bat hits you.
* * * LOW HITPOINT WARNING * * *
The bat completely misses you. The bat closely misses you.
The bat barely misses you. The bat closely misses you.
Your magical contamination has completely faded away.
The bat barely misses you. The bat attacks as you move away! The bat hits you.
You die...

#######
#.....#
###.....####.#
#.b@..........
#.#
#.#..........#
#.#
#.###.########
# ..# #.#
#.#.. #.#.#
#.# #.#.#
##.#.# #.#
#.#.# #.....#
#.# #.#.#
#.#>#.# #†#
#.#.# #.#.#.#
#.# #.#.#
#.#.#.#


You could see a bat.

Vanquished Creatures
  An endoplasm (D:1)
  A hobgoblin (D:1)
  A rat (D:1)
3 creatures vanquished.

Notes
Turn   | Place    | Note
-------+----------+-------------------------------------------
     0 | D:1      | rabbitsville the Djinni Earth Elementalist began the quest
                  | for the Orb.
     0 | D:1      | Reached XP level 1. HP: 15/15 MP: 0/0
   144 | D:1      | Slain by a bat

Illustrated notes

Levels and vault maps discovered:
D:1:      dpeg_arrival_rhombus, layout_basic,
          hellmonk_ecumenical_altar_crossroads

Action                   || total
-------------------------++-------
Melee: Unarmed           ||     5
 Cast: Sandblast         ||     3
Armor: Robe              ||     4
Dodge: Dodged            ||     9

Table legend: (Time is in decaauts)
 A = Elapsed time spent in this place.
 B = Non-inter-level travel time spent in this place.
 C = Inter-level travel time spent in this place.
 D = Time resting spent in this place.
 E = Time spent auto-exploring this place.
 F = Levels seen in this place.
 G = Mean time per level.
                   A        B        C        D        E       F      G
               +--------+--------+--------+--------+--------+-----+--------+
         Total |    144 |    144 |      0 |      0 |    112 |   1 |  144.0 |
       Dungeon |    144 |    144 |      0 |      0 |    112 |   1 |  144.0 |
               +--------+--------+--------+--------+--------+-----+--------+

Top non-repeatable levels by time:
     D:1: 144 daAuts
